 Dungeon Crawl Stone Soup version 0.28-a0-683-ga8797d1ae1 (webtiles) character file.

Game seed: 14571334151012400750

46 KoroneIsBestGirl the Skirmisher (level 3, -3/37 HPs)
             Began as an Ogre Gladiator on Oct 19, 2021.
             Slain by a gnoll (10 damage)
             ... on level 2 of the Dungeon.
             The game lasted 00:02:03 (1648 turns).

KoroneIsBestGirl the Skirmisher (Ogre Gladiator)    Turns: 1648, Time: 00:02:04

Health: -3/37      AC:  3    Str: 19    XL:     3   Next: 66%
Magic:  3/3        EV: 10    Int:  9    God:
Gold:   86         SH:  0    Dex: 10    Spells: 2/2 levels left

rFire   . . .      SeeInvis .   a - +0 flail
rCold   . . .      Faith    .   (no shield)
rNeg    . . .      Spirit   .   b - +0 robe
rPois   .          Reflect  .   c - +0 hat
rElec   .          Harm     .   (no cloak)
rCorr   .          Rampage  .   (gloves unavailable)
Will    .....                   (boots unavailable)
Stlth   +.........              (no amulet)
HPRegen 0.12/turn               g - ring of flight
MPRegen 0.08/turn               (no ring)

@: flying
A: large, unfitting armour, tough skin 1
a: no special abilities


You were on level 2 of the Dungeon.
You visited 1 branch of the dungeon, and saw 2 of its levels.

You collected 86 gold pieces.

Inventory:

Hand Weapons
 a - a +0 flail (weapon)
Missiles
 d - 3 throwing nets (quivered)
 h - 15 stones
Armour
 b - a +0 robe (worn)
 c - a +0 hat (worn)
Jewellery
 g - a ring of flight (left hand)
Scrolls
 e - a scroll of identify {unknown}
 i - a scroll of teleportation {unknown}


   Skills:
 + Level 3.4 Fighting
 + Level 3.1 Maces & Flails
 + Level 2.5 Throwing
 + Level 3.1 Dodging


You had 2 spell levels left.
You didn't know any spells.
Your spell library was empty.

Dungeon Overview and Level Annotations

Branches:
Dungeon (2/15)

Altars:

Shops:
D:1 =

Annotations:
D:1 1 runed translucent door


Innate Abilities, Weirdness & Mutations

You are too large for most types of armour.
You have tough skin. (AC +1)


Message History

Level annotation: 1 runed translucent door
There is a stone staircase leading down here.
You hit the gnoll.
The gnoll is moderately wounded.
The gnoll barely misses you.
You barely miss the gnoll.
The gnoll is moderately wounded.
The gnoll completely misses you. The gnoll hits you with a +0 club.
You closely miss the gnoll.
The gnoll is moderately wounded.
The gnoll hits you with a +0 club.
* * * LOW HITPOINT WARNING * * *
You closely miss the gnoll.
The gnoll is moderately wounded.
The gnoll hits you with a +0 club.
* * * LOW HITPOINT WARNING * * *
You hit the gnoll.
The gnoll is heavily wounded.
The gnoll hits you with a +0 club.
* * * LOW HITPOINT WARNING * * *
It was a potion of curing.
You feel better. The gnoll closely misses you.
You thump the gnoll!
You kill the gnoll!
You start resting.
You start resting.
You start resting.
HP restored.
You start waiting.
Done waiting.
You start waiting.
Done waiting.
You fly downwards.
There is a stone staircase leading up here.
The gnoll misses you.
The gnoll hits you from afar with a +3 halberd!
There is a stone staircase leading up, spattered with blood here.
The gnoll hits you from afar with a +3 halberd!
* * * LOW HITPOINT WARNING * * *
The gnoll hits you from afar with a +0 halberd!
You die...

# #...# ###.####### #.... #...#
#.......# #########
#####...######.......# #.....# #
.#...........#........###.....# #
................#..#..........# #
##....<......#..##.#..###.....# #
#####.).#####gg#..#..# #.....# #
#..># #........# ####### # #...#
#..@....## # #...# ####.#### #
##.## #.# ###### #.###### #.#
#..... #......# #.##########.####
........####.####.##...........##
#####.#.####....#....#.#####.#...
..)........#.####...# #.####
#.##...#.##....# ##### #.....


You could see 2 gnolls.

Vanquished Creatures
  A gnoll (D:1)
  4 endoplasms
  5 giant cockroaches
  5 goblins
  A hobgoblin (D:1)
  2 kobolds (D:1)
  3 quokkas
  4 ball pythons
  2 bats
  5 rats (D:1)
32 creatures vanquished.

Notes
Turn   | Place    | Note
-------+----------+-------------------------------------------
     0 | D:1      | KoroneIsBestGirl the Ogre Gladiator began the quest for the
                  | Orb.
     0 | D:1      | Reached XP level 1. HP: 22/22 MP: 1/1
     1 | D:1      | Found a runed translucent door.
     9 | D:1      | Found Aklytsua's Jewellery Shoppe.
   182 | D:1      | Reached XP level 2. HP: 31/31 MP: 2/2
   510 | D:1      | Reached XP level 3. HP: 37/37 MP: 3/3
  1192 | D:1      | HP: 1/37 [gnoll (3)]
  1648 | D:2      | Slain by a gnoll

Illustrated notes

Levels and vault maps discovered:
D:1:      dpeg_arrival_caged_fury, layout_basic, serial_shops, shop
D:2:      layout_loops_cross, shapermc_ecumenical_altar_hornbeckon

Skill      XL: |  1  2 |
---------------+-------+-----
Fighting       | 3 |  3.4
Dodging        | 3 |  3.1
Maces & Flails | 3 |  3.1
Throwing       | |  2.5

Action                   || total
-------------------------++-------
Melee: Flail             ||    86
  Use: Potion            ||     1
 Stab: Sleeping          ||     1
Armor: Robe              ||    29
Dodge: Dodged            ||    59

Table legend: (Time is in decaauts)
 A = Elapsed time spent in this place.
 B = Non-inter-level travel time spent in this place.
 C = Inter-level travel time spent in this place.
 D = Time resting spent in this place.
 E = Time spent auto-exploring this place.
 F = Levels seen in this place.
 G = Mean time per level.
                   A        B        C        D        E       F      G
               +--------+--------+--------+--------+--------+-----+--------+
         Total |   1671 |   1664 |      7 |    449 |    961 |   2 |  835.5 |
       Dungeon |   1671 |   1664 |      7 |    449 |    961 |   2 |  835.5 |
               +--------+--------+--------+--------+--------+-----+--------+

Top non-repeatable levels by time:
     D:1: 1222 daAuts
     D:2: 448 daAuts
